 Dungeon Crawl Stone Soup version 0.16-a0-421-gd787d97 (webtiles) character file.

735 Kashira the Ducker (level 7, 20/30 HPs)
             Began as a Felid Transmuter on Sept 15, 2014.
             Was an Initiate of Gozag.
             Quit the game on Level 7 of the Dungeon.
             The game lasted 00:28:06 (5223 turns).

Kashira the Ducker (Felid Transmuter)               Turns: 5223, Time: 00:28:07

HP  20/30        AC  2     Str  6      XL: 7   Next: 45%
MP  10/20        EV 27     Int 17      God: Gozag
Gold 87          SH  0     Dex 21      Spells:  2 memorised, 10 levels left
Lives: 1, deaths: 1

rFire  . . .     SeeInvis +       - Unarmed
rCold  . . .     Clarity  .     (armour unavailable)
rNeg   . . .     rCorr    .     (shield unavailable)
rPois  x         rRot     .     (helmet unavailable)
rElec  .         Spirit   +     (cloak unavailable)
SustAb .         Warding  .     (gloves unavailable)
rMut   .         Stasis   .     (boots unavailable)
Gourm  .                        c - amulet of guardian spirit
MR     +....                    (no ring)
                                z - ring of stealth

@: exhausted, spider-form (expiring), somewhat resistant to hostile
enchantments, fairly stealthy
A: paw claws, no armour, no weapons or thrown items, (fangs 0), see invisible,
carnivore 3, (speed 0), (shaggy fur 0), slow metabolism 1, jump 2
a: Jump Attack, End Transformation, Potion Petition, Call Merchant, Bribe
Branch, Renounce Religion


You were on level 7 of the Dungeon.
You worshipped Gozag.
Gozag was noncommittal.
You were not hungry.
You were in spider-form.
You visited 1 branch of the dungeon, and saw 7 of its levels.
You also visited: Bailey.

You collected 343 gold pieces.
You paid 256 gold pieces to Gozag.

Inventory:

Missiles
 b - 101 arrows
 y - 11 poisoned arrows
Magical devices
 r - a wand of hasting (7)
Comestibles
 a - 2 meat rations
 D - a slice of pizza
Scrolls
 g - a scroll of identify
 k - a scroll of random uselessness
 l - a scroll of noise
 o - a scroll of remove curse
 u - a scroll of recharging
Jewellery
 c - an amulet of guardian spirit (around neck)
 s - an uncursed amulet of the gourmand
 z - a ring of stealth (left front leg)
Potions
 e - 2 potions of resistance
 m - a potion of flight
 q - a potion of brilliance
 t - a potion of might {unknown}
 v - a potion of restore abilities {unknown}
 w - a potion of beneficial mutation {unknown}
 A - a potion of haste {unknown}
 F - a potion of degeneration {unknown}
Books
 d - a book of Changes

   Spells                             Type                      Level
   *Beastly Appendage                 Transmutation                1
   Sticks to Snakes                   Transmutation                2
   *Spider Form                       Transmutation/Poison         3
   Ice Form                           Ice/Transmutation            4
   Blade Hands                        Transmutation                5


   Skills:
 + Level 2.7 Fighting
 + Level 6.5 Dodging
 + Level 5.1 Unarmed Combat
 + Level 4.0 Spellcasting
 * Level 5.4 Transmutations
 + Level 2.2 Poison Magic


You had 10 spell levels left.
You knew the following spells:

 Your Spells              Type           Power        Failure   Level  Hunger
a - Beastly Appendage     Trmt           ###...       8%          1    None
b - Spider Form           Trmt/Pois      ###.......   28%         3    ###....


Dungeon Overview and Level Annotations

Branches:
Dungeon (7/15)
 Temple: D:4-7

Altars:
Gozag
Nemelex Xobeh


Innate Abilities, Weirdness & Mutations

You cannot wear armour.
You are incapable of wielding weapons or throwing items.
((Your paws have sharp claws.))
((You have razor-sharp teeth.))
You have supernaturally acute eyesight.
You are carnivorous and can eat meat at any time.
((You cover ground quickly.))
((You are covered in thick fur (AC +2).))
You have a slow metabolism.
You can jump attack at a medium distance.


Message History

You hear a slurping noise.
The jelly splits in two!
The jelly completely misses you. The hobgoblin closely misses you.
Use which ability? (? or * to list)
Okay, then.
Use which ability? (? or * to list)
Aiming: Jump Attack
Press: ? - help, Dir - move target cursor, f - killer bee
Aim: a killer bee You jump-attack the killer bee!
You bite the killer bee!
The killer bee is poisoned.
The killer bee is no longer distracted by gold.
The killer bee is heavily wounded.
You feel somewhat more hungry.
You kill the orc wizard!
You kill the killer bee!
The quokka misses you.
Welcome back, Kashira the Felid Transmuter.
Gozag says: Greed is good.
Press ? for a list of commands and other information.
Are you sure you want to abandon this character and quit the game? (Confirm with "yes".)

######### ###.......#
##...$$....# **
#####...gJJ)...# ,*
#.##.y..sr)∩).## ,#*
###..........)..#
..#####..S....Z.......#
............g...$...###
.....##.....##..#####
.....##.....#####
....>##.....#
.....#......#
.**#........#


You could see 2 jellies, a killer bee, an adder, a quokka, 2 hobgoblins and a
big kobold skeleton.

Vanquished Creatures
  An ice beast (D:6)
  An orc warrior (D:7)
  A centaur (D:5)
  A giant frog (D:7)
  3 killer bees
  3 hounds
  A giant frog zombie (D:5)
  2 crimson imps (D:6)
  3 orc wizards
  3 iguanas
  A worker ant (D:5)
  3 gnolls (D:6)
  An inept feature mimic (D:5)
  A scorpion zombie (D:6)
  8 adders
  3 giant mites
  A worm (D:5)
  5 giant geckos
  An ooze (D:2)
  13 orcs
  10 bats
  A bat zombie (D:6)
  5 giant cockroaches
  16 goblins
  15 hobgoblins
  2 quokkas
  4 ball pythons
  3 giant newts
  A hobgoblin skeleton (D:5)
  9 jackals
  15 kobolds
  A kobold skeleton (D:7)
  7 rats
  4 ballistomycetes (D:6)
149 creatures vanquished.

Vanquished Creatures (others)
  A giant gecko zombie (D:6)
  A giant spore (D:6)
  2 butterflies (D:7)
4 creatures vanquished.

Grand Total: 153 creatures vanquished

Notes
Turn   | Place    | Note
--------------------------------------------------------------
     0 | D:1      | Kashira, the Felid Transmuter, began the quest for the Orb.
     0 | D:1      | Reached XP level 1. HP: 9/9 MP: 4/4
   218 | D:1      | Reached XP level 2. HP: 9/12 MP: 3/5
   806 | D:2      | Reached XP level 3. HP: 12/15 MP: 4/8
   847 | D:2      | Learned a level 3 spell: Spider Form
  1274 | D:2      | Reached XP level 4. HP: 17/19 MP: 5/11
  1651 | D:2      | Found a sparkling altar of Nemelex Xobeh.
  1979 | D:2      | Reached skill level 4 in Unarmed Combat
  2021 | D:3      | Reached skill level 1 in Poison Magic
  2021 | D:3      | Reached XP level 5. HP: 8/22 MP: 0/14
  2623 | D:5      | Entered Level 5 of the Dungeon
  2638 | D:5      | Noticed a centaur
  2647 | D:5      | Killed a centaur
  2851 | D:5      | Gained mutation: You are covered in thick fur (AC +2). [growing up]
  2851 | D:5      | Gained mutation: You can jump attack at a medium distance. [growing up]
  2851 | D:5      | Reached XP level 6. HP: 26/26 MP: 14/17
  2906 | D:5      | Found a staircase to the Ecumenical Temple.
  2915 | D:5      | the staircase to the Ecumenical Temple was a mimic.
  4245 | D:6      | Reached XP level 7. HP: 24/30 MP: 15/19
  4405 | D:6      | Reached skill level 5 in Dodging
  4629 | D:6      | Found a sparkling altar of Nemelex Xobeh.
  4631 | D:6      | Found an opulent altar of Gozag.
  4638 | D:6      | Became a worshipper of Gozag Ym Sagoz the Greedy
  5054 | D:7      | Reached skill level 5 in Transmutations
  5085 | D:6      | HP: 1/30 [killer bee (9)]
  5091 | D:6      | Slain by a killer bee
  5092 | D:6      | Reached XP level 6. HP: -2/27 MP: 0/18
  5158 | D:7      | Reached skill level 5 in Unarmed Combat
  5158 | D:7      | Reached XP level 7. HP: 26/30 MP: 13/19
  5165 | D:7      | Found a flagged portal.
  5178 | Bailey   | Entered a bailey
  5178 | Bailey   | Noticed an orc knight
  5216 | D:7      | Reached skill level 6 in Dodging
  5223 | D:7      | Quit the game

Action                   |  1- 3 |  4- 6 |  7- 9 || total
-------------------------+-------+-------+-------++-------
Melee: Unarmed           |    99 |   233 |   147 ||   479
 Cast: Beastly Appendage |    19 |     6 |     4 ||    29
       Spider Form       |     2 |    39 |    10 ||    51
Invok: Potion Petition   |       |       |     1 ||     1
 Abil: Jump Attack       |    10 |    13 |     7 ||    30
  Use: Scroll            |     1 |       |    21 ||    22
       Potion            |       |       |     5 ||     5
 Stab: Distracted        |     1 |       |     3 ||     4
  Eat: Chunk             |     4 |     2 |     3 ||     9
       Meat ration       |       |     1 |       ||     1
       Beef jerky        |       |     1 |       ||     1
